 Dungeon Crawl Stone Soup version 0.22.1-2-g9c5b331 (webtiles) character file.

579 diana the Spear-Bearer (level 7, -1/56 HPs)
             Began as a Merfolk Gladiator on Nov 20, 2018.
             Was a Follower of Okawaru.
             Succumbed to Duvessa's poison
             ... on level 5 of the Dungeon.
             The game lasted 00:07:03 (3718 turns).

diana the Spear-Bearer (Merfolk Gladiator)          Turns: 3718, Time: 00:07:03

Health: -1/56      AC: 10    Str: 19    XL:     7   Next: 36%
Magic:  7/7        EV: 19    Int:  8    God:    Okawaru [*.....]
Gold:   230        SH:  4    Dex: 21    Spells: 6/6 levels left

rFire    . . .     SeeInvis .   a - +0 trident
rCold    . . .     Gourm    .   e - +0 buckler
rNeg     + . .     Faith    .   w - +2 leather armour {MR+}
rPois    .         Spirit   .   c - +1 helmet
rElec    .         Reflect  .   (no cloak)
rCorr    .         Harm     .   (no gloves)
MR       +....                  h - +2 pair of boots
Stlth    +++.......             (no amulet)
HPRegen  0.18/turn              g - +4 ring of strength
MPRegen  0.10/turn              l - ring of positive energy

@: agile, lethally poisoned (-1 -> -27), flying
A: change form in water, swift swim, stealthy swim
a: Heroism, Renounce Religion


You were on level 5 of the Dungeon.
You worshipped Okawaru.
Okawaru was aware of your devotion.
You were not hungry.

You visited 1 branch of the dungeon, and saw 5 of its levels.

You collected 230 gold pieces.

Inventory:

Hand Weapons
 a - a +0 trident (weapon)
Missiles
 d - 3 throwing nets (quivered)
Armour
 b - a +0 leather armour
 c - a +1 helmet (worn)
 e - a +0 buckler (worn)
 h - a +2 pair of boots (worn)
 w - a +2 leather armour of magic resistance (worn)
Jewellery
 g - a +4 ring of strength (left hand)
 l - a ring of positive energy (right hand)
 p - an uncursed amulet of magic regeneration {unknown}
Wands
 u - a wand of random effects (21)
Scrolls
 i - 2 scrolls of blinking {unknown}
 k - a scroll of remove curse {unknown}
 m - a scroll of enchant armour
 n - 3 scrolls of teleportation {unknown}
 o - 3 scrolls of identify {unknown}
 r - a scroll of magic mapping {unknown}
 s - a scroll of fog {unknown}
 t - a scroll of noise {unknown}
 x - a scroll of enchant weapon {unknown}
Potions
 j - 2 potions of agility
Comestibles
 f - 9 rations
 v - 2 chunks of flesh


   Skills:
 + Level 5.2 Fighting
 * Level 9.9 Polearms
 - Level 2.0 Throwing
 - Level 4.0 Dodging


You had 6 spell levels left.
You didn't know any spells.
Your spell library contained the following spells:

 Spells                   Type           Power        Failure   Level  Hunger
 Animate Skeleton         Necr           N/A          65%         1    ##.....
 Pain                     Necr           #...         65%         1    ##.....
 Regeneration             Chrm/Necr      #.........   95%         3    ####...
 Vampiric Draining        Necr           #.........   95%         3    ####...
 Animate Dead             Necr           N/A          100%        4    #####..


Dungeon Overview and Level Annotations

Branches:
Dungeon (5/15)             Temple (0/1) D:4

Altars:
Okawaru
Uskayaw
Xom
Yredelemnul

Annotations:
D:3 1 runed door, Anon1729's ghost, amateur OpFi
D:5 Dowan


Message History

You puncture Duvessa!
You kill Duvessa!
Okawaru accepts your kill.
Dowan seems overcome with grief, but rights himself reflexively soon after.
Dowan seems to find hidden reserves of power!
* * * LOW HITPOINT WARNING * * *
You feel sick. Dowan misses you. Dowan hits you but does no damage.
* * * LOW HITPOINT WARNING * * *
You feel very sick.
Things that are here:
a short sword of venom; a runed leather armour You feel agile all of a sudden.
* * * LOW HITPOINT WARNING * * *
You feel very sick.
Dowan gestures wildly while chanting.
Dowan blinks!
It was a potion of flight.
You feel very buoyant.
You fly up into the air.
You die...

.......#
#.#....#
..####.#
#...##>#
..#
######.#
.... #.#
..#..
#.#
..###..
#.# ...
. #.#
..#
####.##
#..
#.e@#.#
.
#.##.##
#. ###
#e .. ##


You could see Dowan.

Vanquished Creatures
  Duvessa (D:5)
  A hound (D:5)
  An orc priest (D:4)
  A bullfrog zombie (D:5)
  7 orc wizards
  An iguana (D:4)
  4 adders
  An adder skeleton (D:4)
  3 worms
  2 leopard geckos
  30 orcs
  2 ball pythons
  9 bats
  6 giant cockroaches
  7 goblins
  7 hobgoblins
  4 jackals (D:5)
  5 kobolds
  A quokka (D:2)
  6 frilled lizards
  A quokka skeleton (D:4)
  A rat (D:3)
  A spectral orc (D:2)
102 creatures vanquished.

Notes
Turn   | Place    | Note
-------+----------+-------------------------------------------
     0 | D:1      | diana the Merfolk Gladiator began the quest for the Orb.
     0 | D:1      | Reached XP level 1. HP: 16/16 MP: 1/1
   120 | D:1      | Reached XP level 2. HP: 20/23 MP: 2/2
   145 | D:1      | Reached skill level 5 in Polearms
   262 | D:1      | Reached XP level 3. HP: 27/28 MP: 3/3
  1300 | D:2      | Found a basalt altar of Yredelemnul.
  1472 | D:2      | Reached skill level 6 in Polearms
  1651 | D:2      | Found a hide-covered altar of Uskayaw.
  1998 | D:2      | Reached XP level 4. HP: 34/35 MP: 4/4
  2207 | D:3      | Found an iron altar of Okawaru.
  2256 | D:3      | Became a worshipper of Warmaster Okawaru
  2484 | D:3      | Found a runed door.
  2487 | D:3      | Noticed Anon1729's ghost (amateur OpFi)
  2631 | D:4      | Reached skill level 7 in Polearms
  2631 | D:4      | Reached XP level 5. HP: 39/41 MP: 5/5
  2653 | D:4      | HP: 1/41 [orc/tomahawk (2)]
  2790 | D:4      | HP: 2/42 [orc priest/divine providence (14)]
  2793 | D:4      | Reached skill level 8 in Polearms
  2793 | D:4      | Reached XP level 6. HP: 9/48 MP: 6/6
  3031 | D:4      | Reached * piety under Okawaru
  3106 | D:4      | Found a shimmering altar of Xom.
  3183 | D:4      | Found a staircase to the Ecumenical Temple.
  3502 | D:5      | Entered Level 5 of the Dungeon
  3521 | D:5      | Reached skill level 9 in Polearms
  3542 | D:5      | Reached XP level 7. HP: 35/55 MP: 7/7
  3561 | D:5      | Reached skill level 5 in Fighting
  3699 | D:5      | Noticed Duvessa
  3699 | D:5      | Noticed Dowan
  3715 | D:5      | Killed Duvessa
  3717 | D:5      | HP: 1/56 [poisoned by Duvessa]
  3718 | D:5      | Succumbed to Duvessa's poison

Skill      XL: |  1  2  3  4  5  6  7 |
---------------+----------------------+-----
Polearms       | 5 6 7 8 9 |  9.9
Fighting       | 3 4 5 |  5.2
Throwing       | |  2.0
Dodging        | |  4.0

Action                   |  1- 3 |  4- 6 |  7- 9 || total
-------------------------+-------+-------+-------++-------
Melee: Trident           |   145 |   230 |    34 ||   409
  Use: Scroll            |       |     1 |       ||     1
       Potion            |       |     4 |     2 ||     6
 Stab: Sleeping          |       |     2 |       ||     2
  Eat: Chunk             |     3 |     5 |     1 ||     9
Armor: Leather armour    |    37 |    72 |    15 ||   124
Dodge: Dodged            |    97 |   171 |    17 ||   285
Block: Buckler           |    16 |    29 |     5 ||    50
